 Dungeon Crawl Stone Soup version 0.18.1-48-g4cf74bf (webtiles) character file.

10824 Gargoyl the Protected (level 11, -52/85 HPs)
             Began as a Demonspawn Abyssal Knight on July 21, 2016.
             Was a High Priest of Lugonu.
             Annihilated by an enormous slime creature (60 damage)
             ... on level 11 of the Dungeon.
             The game lasted 00:42:30 (16692 turns).

Gargoyl the Protected (Demonspawn Abyssal Knight)  Turns: 16692, Time: 00:42:31

Health: -52/85     AC: 19    Str: 16    XL:     11   Next: 41%
Magic:  12/14      EV: 13    Int: 15    God:    Lugonu [*****.]
Gold:   513        SH: 10    Dex: 15    Spells: 0 memorised, 10 levels left

rFire  . . .     SeeInvis +     a - +2 hand axe
rCold  + . .     Gourm    +     l - +2 chain mail {rPois}
rNeg   . . .     Faith    .     L - +1 shield {AC+3}
rPois  +         Spirit   .     (helmet restricted)
rElec  +         Dismiss  .     x - +1 cloak
rCorr  .         Reflect  .     (no gloves)
SustAt .         Harm     .     (boots unavailable)
MR     .....                    f - amulet of the gourmand
Stlth  ..........               n - ring of poison resistance
                                g - +5 ring of evasion

@: not resistant to hostile enchantments, extremely unstealthy
A: claws 1, hooves 3, horns 2, see invisible, agile 1, clever 1, cold resistance
1, electricity resistance, MP-powered wands
a: Depart the Abyss, Bend Space, Banish, Corrupt, Enter the Abyss, Renounce
Religion


You were on level 11 of the Dungeon.
You worshipped Lugonu.
Lugonu was extremely pleased with you.
You were near starving.

You visited 1 branch of the dungeon, and saw 11 of its levels.
You visited the Abyss 1 time.
You also visited: Ossuary.

You collected 648 gold pieces.
You spent 135 gold pieces at shops.

Inventory:

Hand Weapons
 a - a +2 hand axe (weapon)
 F - a +0 blowgun
Missiles
 m - 7 javelins (quivered)
 w - 92 poisoned needles
Armour
 l - a +2 chain mail of poison resistance (worn)
 x - a +1 cloak (worn)
 C - a +1 pair of boots
 L - a +1 shield of protection (worn)
Jewellery
 f - an amulet of the gourmand (around neck)
 g - a +5 ring of evasion (left claw)
 n - a ring of poison resistance (right claw)
 y - an uncursed ring of positive energy
 J - an uncursed ring of see invisible
Wands
 r - a wand of digging (8/24)
 u - a wand of polymorph (6/24)
 v - a wand of flame (23/48)
 z - a wand of teleportation (9/9)
 E - a wand of acid (0/15)
 G - a wand of digging (0/24)
 O - a wand of acid (5/15)
 R - a wand of acid (4/15)
 S - a wand of lightning (6/15)
Scrolls
 b - 3 scrolls of recharging
 e - 2 scrolls of teleportation
 k - 3 scrolls of enchant weapon
 p - 4 scrolls of blinking
 t - 8 scrolls of remove curse
 A - 2 scrolls of fear
 H - a scroll of torment
 N - 3 scrolls of acquirement
 Q - a scroll of silence
Potions
 j - 2 potions of might
 q - a potion of beneficial mutation
 s - a potion of flight
 B - 3 potions of curing
 D - 4 potions of degeneration {unknown}
 I - a potion of magic
 K - a potion of cure mutation
 M - 2 potions of lignification
Books
 P - a book of Annihilations

   Spells                             Type                      Level
   a - Poison Arrow                   Conjuration/Poison           6
   b - Chain Lightning                Conjuration/Air              8
   c - Lehudib's Crystal Spear        Conjuration/Earth            8
   d - Glaciate                       Conjuration/Ice              9
   e - Fire Storm                     Conjuration/Fire             9
Comestibles
 c - 4 bread rations
 d - 34 fruits
 h - 3 beef jerkies
 i - a slice of pizza
 o - 2 meat rations


   Skills:
 + Level 7.7 Fighting
 + Level 7.3 Axes
 + Level 1.4 Throwing
 * Level 10.6 Armour
 + Level 6.7 Dodging
 + Level 1.5 Stealth
 + Level 4.2 Shields
 + Level 4.0 Invocations


You had 10 spell levels left.
You didn't know any spells.

Dungeon Overview and Level Annotations

Branches:
Dungeon (11/15)            Temple (0/1) D:4            Lair (0/8) D:11
    Orc: D:9-12

Altars:
Cheibriados
Dithmenos
Kikubaaqudgha
Makhleb
Ru
Vehumet
Yredelemnul
Zin
The Shining One

Shops:
D:7 [

Portals:
Trove: D:10 (give +4 ice dragon armour)

Annotations:
D:6 Joseph
Abyss:1 Prince Ribbit


Innate Abilities, Weirdness & Mutations

You have sharp fingernails.
You have hooves in place of feet.
You have a pair of horns on your head.
Your flesh is cold resistant.
You have supernaturally acute eyesight.
You are agile. (Dex +2)
Your mind is acute. (Int +2)
You are resistant to electric shocks.
You expend magic power (3 MP) to strengthen your wands.


Message History

You fail to use your ability.
The enormous slime creature hits you!!
* * * LOW HITPOINT WARNING * * *
A slime creature comes into view.
A crimson imp comes into view.
The crimson imp shouts!
The crimson imp blinks!
Found a ring of positive energy.
Drink which item? (? for menu, Esc to quit)
Okay, then.
The crimson imp blinks!
There is an open door here.
Space bends around you!
You blink.
* * * LOW HITPOINT WARNING * * *
You feel slightly more hungry. Space bends around you!
You blink.
* * * LOW HITPOINT WARNING * * *
You are near starving!
The enormous slime creature hits you!!!
Ouch! That really hurt!
You die...

#..........###.## #
#.########## #.# #§# #.#
#.# ##'## #.# ##...##
#J#### ##.....##
#.##.######.....<.##
#######.#......#.........#
...............J@........+
.######.#...##.#.J.......#
.# #....###.##.......## .#
###..# #.###...§.## .#
#..# #.# ##...## .# #..#
#.# ##+## .# #... ..# .#
##.##### .#


You could see an enormous slime creature and a slime creature.

Vanquished Creatures
  Gastronok (D:9)
  Maurice (D:8)
  A troll (D:9)
  2 two-headed ogres
  A wyvern (D:8)
  A wraith (D:10)
  A steam dragon (D:10)
  The ghost of tschems the Skirmisher, an amateur HuBe of Trog (D:3)
  4 hungry ghosts
  2 hippogriffs
  Grum (D:8)
  2 insubstantial wisps (D:10)
  A water moccasin (D:6)
  5 orc warriors
  3 ice beasts
  4 sky beasts
  A necrophage (D:10)
  A black bear (D:6)
  6 ogres
  3 phantoms
  3 wolves
  2 centaurs
  2 crocodiles
  An elf zombie (Ossuary)
  3 big kobolds
  3 giant frogs
  A gnoll sergeant (D:10)
  A water moccasin zombie (D:6)
  A wyvern skeleton (D:10)
  A scorpion (D:6)
  5 killer bees (D:10)
  5 wights (D:10)
  10 howler monkeys
  2 jellies
  7 crimson imps
  2 giant frog zombies
  5 centaur zombies
  A human zombie (Ossuary)
  9 orc priests
  7 hounds
  2 giant frog skeletons
  A gnoll shaman (D:4)
  3 centaur skeletons
  4 iguanas
  7 orc wizards
  11 worker ants
  A killer bee zombie (D:7)
  2 big kobold zombies (Ossuary)
  2 hound zombies (D:6)
  2 hound skeletons
  2 mummies (Ossuary)
  13 gnolls
  13 adders
  2 shadow imps
  An adder zombie (D:8)
  An adder skeleton (D:5)
  4 worms
  4 dart slugs
  7 giant geckos
  31 orcs
  6 bats
  6 giant cockroaches
  2 gnoll zombies (D:5)
  8 goblins
  6 hobgoblins
  9 jackals
  20 kobolds
  4 quokkas
  A ball python (D:2)
  A ball python skeleton (D:6)
  2 giant gecko skeletons
  5 giant newts
  9 hobgoblin zombies (Ossuary)
  2 jackal zombies (Ossuary)
  9 kobold zombies (Ossuary)
  10 orc zombies (Ossuary)
  A quokka skeleton (D:4)
  9 rats
  2 rat zombies (Ossuary)
338 creatures vanquished.

Vanquished Creatures (others)
  A sky beast (D:10)
  A human (D:3)
  2 orcs (D:4)
4 creatures vanquished.

Grand Total: 342 creatures vanquished

Notes
Turn   | Place    | Note
--------------------------------------------------------------
     0 | Abyss:1  | Gargoyl the Demonspawn Abyssal Knight began the quest for the Orb.
     0 | Abyss:1  | Reached XP level 1. HP: 18/18 MP: 2/2
    49 | Abyss:1  | Noticed a ynoxinul
    49 | Abyss:1  | Noticed a titan zombie
    91 | Abyss:2  | Noticed a smoke demon
    91 | D:1      | Escaped the Abyss
   388 | D:1      | Reached skill level 2 in Armour
   394 | D:1      | Reached * piety under Lugonu
   466 | D:1      | Reached skill level 1 in Dodging
   466 | D:1      | Gained mutation: You have a pair of small horns on your head. [demonic ancestry]
   466 | D:1      | Reached XP level 2. HP: 24/24 MP: 3/3
   975 | D:1      | Gained mutation: You have a pair of horns on your head. [demonic ancestry]
   975 | D:1      | Reached XP level 3. HP: 28/29 MP: 5/5
  1322 | D:2      | Reached ** piety under Lugonu
  1356 | D:2      | Reached XP level 4. HP: 32/35 MP: 6/6
  1717 | D:3      | Noticed tschems's ghost (amateur HuBe)
  1820 | D:3      | Killed tschems's ghost
  1820 | D:3      | Reached skill level 3 in Armour
  1820 | D:3      | Reached XP level 5. HP: 6/42 MP: 7/7
  2144 | D:3      | Reached skill level 1 in Throwing
  2402 | D:3      | Gained mutation: You have sharp fingernails. [demonic ancestry]
  2402 | D:3      | Reached XP level 6. HP: 47/48 MP: 8/8
  2438 | D:3      | Found a sacrificial altar of Ru.
  2454 | D:3      | Found an ancient bone altar of Kikubaaqudgha.
  2476 | D:3      | Noticed a human
  2479 | D:3      | Killed a human
  2517 | D:3      | Reached skill level 4 in Armour
  2627 | D:3      | Reached *** piety under Lugonu
  3260 | D:4      | Gained mutation: You have a pair of large horns on your head. [potion of beneficial mutation]
  3295 | D:4      | Gained mutation: Your flesh is cold resistant. [demonic ancestry]
  3295 | D:4      | Reached XP level 7. HP: 26/55 MP: 9/9
  3734 | D:4      | Reached skill level 1 in Stealth
  3822 | D:4      | Got a twisted dagger
  3824 | D:4      | Identified the cursed +1 dagger of Conscience {venom, rF++} (You found it on level 4 of the Dungeon)
  3883 | D:4      | Reached skill level 5 in Armour
  4206 | D:4      | Found a staircase to the Ecumenical Temple.
  4345 | D:4      | Reached **** piety under Lugonu
  4437 | D:5      | Entered Level 5 of the Dungeon
  4495 | D:5      | Found a glowing golden altar of the Shining One.
  4648 | D:5      | Found a burning altar of Makhleb.
  4659 | D:5      | Reached XP level 8. HP: 61/61 MP: 10/10
  4738 | D:5      | Found a basalt altar of Yredelemnul.
  4892 | D:5      | Reached skill level 5 in Fighting
  4892 | D:5      | Reached skill level 6 in Armour
  4977 | D:5      | Found an ancient bone altar of Kikubaaqudgha.
  5441 | D:6      | Noticed Prince Ribbit
  5480 | D:5      | Reached skill level 7 in Armour
  5559 | D:6      | Gained mutation: You are covered in fur (AC +1). [potion of mutation]
  5559 | D:6      | Gained mutation: Your body sometimes deteriorates upon taking damage. [potion of mutation]
  5559 | D:6      | Gained mutation: You have very sharp fingernails. [potion of mutation]
  5951 | D:6      | Gained mutation: You have large cloven feet. [demonic ancestry]
  5951 | D:6      | Reached XP level 9. HP: 38/68 MP: 11/11
  6256 | D:6      | Lost mutation: Your body sometimes deteriorates upon taking damage. [potion of cure mutation]
  6256 | D:6      | Lost mutation: You have a pair of large horns on your head. [potion of cure mutation]
  6256 | D:6      | Lost mutation: You have very sharp fingernails. [potion of cure mutation]
  6256 | D:6      | Lost mutation: You are covered in fur (AC +1). [potion of cure mutation]
  6268 | D:6      | Banished Prince Ribbit
  6268 | D:6      | Reached skill level 5 in Dodging
  6964 | D:6      | Reached skill level 1 in Shields
  6979 | D:6      | Found a radiant altar of Vehumet.
  7071 | D:6      | Found a glowing silver altar of Zin.
  7087 | D:7      | Noticed Joseph
  7149 | D:6      | Reached skill level 5 in Axes
  7270 | D:6      | Reached skill level 8 in Armour
  7369 | D:7      | Found Oroliock's Antique Armour Shop.
  7373 | D:7      | Bought a pair of boots for 135 gold pieces
  7550 | D:7      | Gained mutation: Your mind is acute. (Int +2) [mutagenic meat]
  7551 | D:7      | Gained mutation: You are frail (-10% HP). [mutagenic meat]
  7552 | D:7      | Lost mutation: You are frail (-10% HP). [mutagenic meat]
  7826 | D:7      | Found a shadowy altar of Dithmenos.
  8153 | D:7      | Reached ***** piety under Lugonu
  8756 | D:8      | Reached XP level 10. HP: 75/77 MP: 13/13
  9009 | D:8      | Found a sand-covered staircase.
  9027 | Ossuary  | Entered an ossuary
  9561 | D:8      | Noticed Maurice
  9672 | D:8      | Noticed Grum
  9684 | D:8      | Killed Grum
  9949 | D:8      | Reached skill level 9 in Armour
 10115 | D:8      | Gained mutation: You have supernaturally acute eyesight. [potion of mutation]
 10115 | D:8      | Gained mutation: You are resistant to electric shocks. [potion of mutation]
 10115 | D:8      | Gained mutation: Your muscles are strong. (Str +2) [potion of mutation]
 13548 | D:8      | Killed Maurice
 13557 | D:8      | Identified a scroll of acquirement
 13732 | D:9      | Noticed Gastronok
 13748 | D:9      | Killed Gastronok
 13748 | D:9      | Reached skill level 10 in Armour
 13748 | D:9      | Gained mutation: You have hoof-like feet. [demonic ancestry]
 13748 | D:9      | Reached XP level 11. HP: 48/84 MP: 14/14
 14675 | D:9      | Found a snail-covered altar of Cheibriados.
 14893 | D:10     | Entered Level 10 of the Dungeon
 16011 | D:10     | Gained mutation: You are agile. (Dex +2) [mutagenic meat]
 16012 | D:10     | Gained mutation: You expend magic power (3 MP) to strengthen your wands. [mutagenic meat]
 16013 | D:10     | Lost mutation: Your muscles are strong. (Str +2) [mutagenic meat]
 16014 | D:10     | Gained mutation: You have hooves in place of feet. [mutagenic meat]
 16317 | D:10     | Found a portal to a secret trove of treasure.
 16608 | D:11     | Found a staircase to the Lair.
 16656 | D:11     | HP: 3/85 [enormous slime creature (34)]
 16692 | D:11     | Annihilated by an enormous slime creature

Skill      XL: |  1  2  3  4  5  6  7  8  9 10 11 |
---------------+----------------------------------+-----
Armour         | 2 3 4 5 7 8 10 | 10.6
Dodging        | 1 2 3 4 6 |  6.7
Axes           | 2 3 4 5 6 7 |  7.3
Fighting       | 4 5 6 7 |  7.7
Throwing       | 1 |  1.4
Stealth        | 1 |  1.5
Invocations    | 3 4 |  4.0
Shields        | 1 3 4 |  4.2

Action                   |  1- 3 |  4- 6 |  7- 9 | 10-12 || total
-------------------------+-------+-------+-------+-------++-------
Melee: Hand axe          |   100 |   206 |   648 |   797 ||  1751
       Headbutt          |     8 |    33 |   129 |   167 ||   337
       Kick              |       |       |    52 |    21 ||    73
Throw: Javelin           |       |     4 |     8 |    10 ||    22
Invok: Depart the Abyss  |     1 |       |       |       ||     1
       Banish            |       |       |     4 |       ||     4
       Bend Space        |       |       |       |     2 ||     2
Evoke: Wand              |       |       |       |     2 ||     2
  Use: Potion            |       |     5 |    14 |     7 ||    26
       Scroll            |       |     2 |    19 |     6 ||    27
 Stab: Invisible         |       |     4 |       |       ||     4
  Eat: Chunk             |     3 |     5 |    30 |    28 ||    66
       Fruit             |       |       |       |     8 ||     8
       Meat ration       |       |       |       |     1 ||     1
Armor: Scale mail        |    42 |    72 |   178 |       ||   292
       Leather armour    |     4 |       |       |       ||     4
       Skin              |       |       |    39 |       ||    39
       Chain mail        |       |       |    47 |   365 ||   412
Dodge: Dodged            |   100 |   219 |   507 |   482 ||  1308
Block: Buckler           |       |       |    92 |    87 ||   179
       Shield            |       |       |       |   245 ||   245
